 Dungeon Crawl Stone Soup version 0.28-a0-631-g0446da8ef9 (webtiles) character file.

Game seed: 14187111993229626811

711848 blank1 the Conqueror (level 27, -12/245 HPs)
             Began as a Minotaur Fighter on Oct 4, 2021.
             Was the Champion of the Shining One.
             Killed from afar by a purple draconian (25 damage)
             ... with a bolt of dispelling energy
             ... on level 5 of the Realm of Zot on Oct 10, 2021.
             The game lasted 04:06:21 (63250 turns).

blank1 the Conqueror (Minotaur Fighter)            Turns: 63250, Time: 04:06:21

Health: -12/245    AC: 44    Str: 40    XL:     27
Magic:  49/49      EV: 34    Int:  5    God:    the Shining One [******]
Gold:   8781       SH: 54    Dex: 28    Spells: 53/54 levels left

rFire   + + +      SeeInvis .   b - +6 morningstar of Bekue {vorpal, rF++ Will+ MP+9 Dex-3}
rCold   . . .      Faith    .   j - +8 tower shield {reflect}
rNeg    + + +      Spirit   .   n - +10 shadow dragon scales of Buishiog {Str+6 Stlth++++}
rPois   .          Reflect  +   (helmet restricted)
rElec   .          Harm     .   d - +2 cloak
rCorr   +          Rampage  +   N - +0 pair of gloves of the Stars {Will+ Regen+ Str-4 Dex+8}
Will    +++++                   o - +2 pair of boots {rampage}
Stlth   ++++......              L - amulet "Ygamp" {Acrobat Dex+4}
HPRegen 1.50/turn               X - ring of Gin and Tonic {rCorr Str+6}
MPRegen 0.31/turn               V - ring "Ruret" {Will+ Str+2 Dex+7}

@: divinely shielded, glowing
A: horns 2, retaliatory headbutt, iridescent scales 1, large bone plates 2, thin
skeletal structure 1, clumsy 2, fire resistance 1, frail 1, screaming 1, subdued
magic 1, devolution 1
}: 5/15 runes: decaying, slimy, silver, abyssal, gossamer
a: Renounce Religion, Divine Shield, Cleansing Flame, Summon Divine Warrior


You were on level 5 of the Realm of Zot.
You worshipped the Shining One.
The Shining One was exalted by your worship.
You visited 13 branches of the dungeon, and saw 58 of its levels.
You visited the Abyss 2 times.
You also visited: Gauntlet and Ice Cave.

You collected 11434 gold pieces.
You spent 2653 gold pieces at shops.

Inventory:

Hand Weapons
 b - the +6 morningstar of Bekue (weapon) {vorpal, rF++ Will+ MP+9 Dex-3}
   (You found it on level 3 of the Depths)

   It inflicts extra damage upon your enemies.
   Dex:       It affects your dexterity (-3).
   rF:        It greatly protects you from fire.
   MP:        It affects your magic capacity (+9).
   Will:      It increases your willpower.
 D - a +9 sacred scourge of holy wrath
Missiles
 R - 13 silver javelins (quivered)
Armour
 d - a +2 cloak (worn)
 g - the +8 plate armour of Miracles {rPois rF+ rCorr}
   (Okawaru gifted it to you on level 2 of the Abyss)

   rF:        It protects you from fire.
   rPois:     It protects you from poison.
   rCorr:     It protects you from acid and corrosion.
 j - a +8 tower shield of reflection (worn)
 n - the +10 shadow dragon scales of Buishiog (worn) {Str+6 Stlth++++}
   (You took it off a minotaur in a Gauntlet)

   Str:       It affects your strength (+6).
   Stlth:     It makes you much more stealthy.
 o - a +2 pair of boots of rampaging (worn)
 N - the +0 pair of gloves of the Stars (worn) {Will+ Regen+ Str-4 Dex+8}
   (You found it in a Gauntlet)

   Str:       It affects your strength (-4).
   Dex:       It affects your dexterity (+8).
   Regen:     It increases your rate of health regeneration.
   Will:      It increases your willpower.
 Y - a +2 hat of willpower
Jewellery
 c - the ring of the Iron Devil {Int+4 Dex+6 Slay+2}
   (You acquired it on level 5 of the Dungeon)

   [ring of dexterity]

   Int:       It affects your intelligence (+4).
   Dex:       It affects your dexterity (+6).
   Slay:      It affects your accuracy & damage with ranged weapons and melee
   (+2).
 q - a ring of flight
 L - the amulet "Ygamp" (around neck) {Acrobat Dex+4}
   (You found it in a Gauntlet)

   [amulet of the acrobat]

   It increases your evasion while moving and waiting.
   Dex:       It affects your dexterity (+4).
 V - the ring "Ruret" (right hand) {Will+ Str+2 Dex+7}
   (You found it on level 3 of the Depths)

   [ring of willpower]

   Str:       It affects your strength (+2).
   Dex:       It affects your dexterity (+7).
   Will:      It increases your willpower.
 X - the ring of Gin and Tonic (left hand) {rCorr Str+6}
   (You found it on level 1 of the Depths)

   [ring of strength]

   Str:       It affects your strength (+6).
   rCorr:     It protects you from acid and corrosion.
Wands
 C - a wand of acid (54)
 E - a wand of paralysis (39)
 F - a wand of iceblast (59)
 G - a wand of mindburst (56)
 H - a wand of flame (153)
 Z - a wand of digging (19)
Scrolls
 e - 30 scrolls of teleportation
 f - 8 scrolls of enchant weapon
 h - 43 scrolls of identify
 k - 3 scrolls of brand weapon
 r - 7 scrolls of fog
 x - 10 scrolls of fear
 J - 2 scrolls of holy word
 K - 12 scrolls of amnesia
 M - 8 scrolls of magic mapping
 O - 3 scrolls of silence
 P - a scroll of enchant armour
 U - 8 scrolls of blinking
Potions
 a - 3 potions of berserk rage
 i - a potion of might
 m - 5 potions of resistance
 p - 15 potions of curing
 s - 4 potions of heal wounds
 t - 8 potions of brilliance
 u - 10 potions of ambrosia
 v - 5 potions of cancellation
 w - 8 potions of lignification
 z - 6 potions of invisibility
 A - 6 potions of flight
 B - 3 potions of attraction
 I - 3 potions of mutation
 S - 5 potions of haste
 T - 4 potions of magic


   Skills:
 O Level 27 Fighting
 - Level 18.0 Maces & Flails
 O Level 27 Armour
 + Level 25.3 Dodging
 - Level 14.0 Stealth
 - Level 25.0 Shields
 - Level 14.0 Spellcasting
 - Level 6.0 Translocations
 - Level 12.0 Ice Magic
 - Level 17.0 Invocations
 - Level 3.0 Evocations


You had 53 spell levels left.
You knew the following spells:

 Your Spells              Type           Power      Damage    Failure   Level
a - Apportation           Tloc           14%        N/A       1%          1

Your spell library contained the following spells:

 Spells                   Type           Power      Damage    Failure   Level
 Ensorcelled Hibernation  Hex/Ice        14%        N/A       1%          2
 Gell's Gravitas          Tloc           3%         N/A       4%          3
 Teleport Other           Tloc           7%         N/A       4%          3
 Portal Projectile        Hex/Tloc       10%        N/A       16%         3
 Hailstorm                Conj/Ice       7%         3d4       16%         4
 Ice Form                 Ice/Tmut       7%         N/A       16%         4
 Passage of Golubria      Tloc           N/A        N/A       16%         4
 Beastly Appendage        Tmut           4%         N/A       19%         1
 Foxfire                  Conj/Fire      8%         2x1d4     19%         1
 Magic Dart               Conj           8%         1d3       19%         1
 Pain                     Necr           8%         1d4       19%         1
 Shock                    Conj/Air       8%         1d3       19%         1
 Sting                    Tmut/Pois      8%         1d3       19%         1
 Call Imp                 Summ           2%         N/A       28%         2
 Corpse Rot               Necr/Air       N/A        N/A       28%         2
 Poisonous Vapours        Pois/Air       4%         N/A       28%         2
 Scorch                   Fire           4%         2d5       28%         2
 Searing Ray              Conj           4%         2d4       28%         2
 Slow                     Hex            2%         N/A       28%         2
 Static Discharge         Conj/Air       2%         N/A       28%         2
 Sublimation of Blood     Necr           1%         N/A       28%         2
 Wereblood                Tmut           2%         N/A       28%         2
 Metabolic Englaciation   Hex/Ice        3%         N/A       41%         5
 Iskenderun's Mystic Bla  Conj/Tloc      5%         2d3       47%         4
 Confusing Touch          Hex            2%         N/A       50%         3
 Conjure Flame            Conj/Fire      2%         6-21      50%         3
 Dazzling Flash           Conj/Hex       4%         N/A       50%         3
 Ignite Poison            Fire/Tmut/Pois 2%         N/A       50%         3
 Inner Flame              Hex/Fire       2%         N/A       50%         3
 Mephitic Cloud           Conj/Pois/Air  2%         N/A       50%         3
 Spider Form              Tmut/Pois      1%         N/A       50%         3
 Swiftness                Air            2%         N/A       50%         3
 Vampiric Draining        Necr           1%         2d6       50%         3
 Freezing Cloud           Conj/Ice/Air   2%         6-21      71%         5
 Airstrike                Air            1%         N/A       89%         4
 Animate Armour           Summ/Erth      4%         N/A       89%         4
 Cause Fear               Hex            1%         N/A       89%         4
 Dispel Undead            Necr           2%         3d7       89%         4
 Flame Wave               Conj/Fire      2%         3d3       89%         4
 Fulminant Prism          Conj/Hex       1%         3d6       89%         4
 Olgreb's Toxic Radiance  Pois           2%         N/A       89%         4
 Petrify                  Tmut/Erth      2%         N/A       89%         4
 Sticky Flame             Conj/Fire      2%         2d3       89%         4
 Summon Lightning Spire   Summ/Air       2%         N/A       89%         4
 Dispersal                Tloc           3%         N/A       94%         6
 Simulacrum               Ice/Necr       3%         N/A       94%         6
 Agony                    Necr           2%         N/A       99%         5
 Alistair's Intoxication  Tmut/Pois      1%         N/A       99%         5
 Blade Hands              Tmut           1%         N/A       99%         5
 Borgnjor's Vile Clutch   Necr/Erth      1%         N/A       99%         5
 Excruciating Wounds      Necr           1%         N/A       99%         5
 Fireball                 Conj/Fire      1%         3d3       99%         5
 Iskenderun's Battlesphe  Conj           2%         2d6       99%         5
 Silence                  Hex/Air        1%         N/A       99%         5
 Yara's Violent Unravell  Hex/Tmut       1%         3d3       99%         5
 Conjure Ball Lightning   Conj/Air       1%         3x3d6     100%        6
 Invisibility             Hex            1%         N/A       100%        6
 Iron Shot                Conj/Erth      1%         9d1       100%        6
 Starburst                Conj/Fire      1%         6d3       100%        6
 Statue Form              Tmut/Erth      1%         N/A       100%        6
 Summon Cactus Giant      Summ           1%         N/A       100%        6
 Orb of Destruction       Conj           1%         N/A       100%        7
 Spellforged Servitor     Conj/Summ      1%         N/A       100%        7
 Storm Form               Tmut/Air       1%         N/A       100%        7
 Summon Hydra             Summ           1%         N/A       100%        7
 Discord                  Hex            1%         N/A       100%        8
 Disjunction              Tloc           3%         N/A       100%        8
 Ignition                 Fire           1%         3d3       100%        8
 Lehudib's Crystal Spear  Conj/Erth      1%         10d2      100%        8
 Maxwell's Capacitive Co  Air            1%         ∞         100%        8
 Polar Vortex             Ice            5%         N/A       100%        9


Dungeon Overview and Level Annotations

Branches:
Dungeon (15/15)            Temple (1/1) D:6            Lair (6/6) D:9
  Swamp (4/4) Lair:4       Spider (4/4) Lair:3        Slime (5/5) Lair:5
    Orc (2/2) D:10            Elf (3/3) Orc:2        Vaults (5/5) D:13
  Crypt (3/3) Vaults:3       Tomb (0/3) Crypt:3      Depths (4/4) D:15
   Hell (visited)             Dis (0/7) Hell            Geh (0/7) Hell
    Coc (0/7) Hell            Tar (0/7) Hell            Zot (5/5) Depths:4
  IceCv (visited)         Gauntlet (visited)

Altars:
Cheibriados
Fedhas
Gozag
Kikubaaqudgha
Makhleb
Nemelex Xobeh
Okawaru
Qazlal
Ru
Sif Muna
Uskayaw
Vehumet
Zin
The Shining One
Beogh

Shops:
D:1 :   D:8 =   Orc:2 [[(?:   Elf:3 *=   Vaults:2 ?   Depths:3 *

Portals:
Hell: Depths:1 Depths:2 Depths:3 Depths:4
Abyss: Depths:3 Depths:4
Pandemonium: Depths:1 Depths:2 Depths:4
Ziggurat: Depths:2
Trove: Depths:3 (give +6 fire dragon scales)

Annotations:
Lair:5 exclusion: 4 oklob plants, Kirke


Innate Abilities, Weirdness & Mutations

You have a pair of horns on your head.
You reflexively headbutt those who attack you in melee.
You are partially covered in iridescent scales. (AC +2)
You are mostly covered in large bone plates. (SH +6)
You have a somewhat thin skeletal structure. (Dex +2, Stealth+)
You are very clumsy. (Dex -4)
Your flesh is heat resistant. (rF+)
You are frail. (-10% HP)
You occasionally shout uncontrollably at your foes.
Your spells are a little easier to cast, but a little less powerful.
You have hidden genetic defects.


Message History

Unknown command.
You sock the Orb Guardian!
The Orb Guardian is almost dead.
You block the storm dragon's attack. x3
You block the purple draconian's attack.
The Orb Guardian completely misses you.
Unknown command.
You bludgeon the Orb Guardian!!
You kill the Orb Guardian!
You block the storm dragon's attack. x3
The purple draconian completely misses you.
Unknown command.
You block the storm dragon's attack. x3
You block the purple draconian's attack.
You sock the purple draconian! You headbutt the purple draconian!
The purple draconian is moderately wounded.
The storm dragon breathes lightning at you.
The bolt of lightning hits you!!!
* * * LOW HITPOINT WARNING * * *
You hit the purple draconian.
The purple draconian is moderately wounded.
The purple draconian breathes dispelling energy at you.
The bolt of dispelling energy misses you.
You block the storm dragon's attack. The storm dragon misses you.
You block the storm dragon's attack.
Unknown command.
You hit the purple draconian.
The purple draconian is moderately wounded.
You block the purple draconian's attack.
The storm dragon breathes lightning at you.
The bolt of lightning misses you.
Unknown command.
You bludgeon the purple draconian!!
The purple draconian is heavily wounded.
You block the storm dragon's attack. x3
You hit the storm dragon. You headbutt the storm dragon!
The storm dragon is moderately wounded.
The purple draconian breathes dispelling energy at you.
The bolt of dispelling energy hits you!!
You die...

.....## #...................,*
...[..###...................,*
####.).###......†.......^...**
##.)..##......^.).......#*
###..^^...............#*
#▓▓▓▓▓▓▓▓▓▓▓##....^▓▓
*▓▓▓...............▓*
***.......d.^.........▓*
**,,.......D@...........** ***
*,,,....................,*
,,***,,,....................,*
,^,**,,,.................^..**
,,,,*,,,...................▓*
,,,,,,,,..................▓*
,,,,*,,,................,^,**
,,^**,,,................,,,,**
,,***,,,,../.^..........,,,,,*


You could see a storm dragon and a purple draconian (catching breath).

Vanquished Creatures
  the Royal Jelly (Slime:5)
  5 ancient liches
  3 dread liches
  6 orbs of fire
  Mennas (Vaults:4)
  4 juggernauts
  Frederick (Crypt:3)
  Margery (Vaults:3)
  Bai Suzhen (Swamp:4)
  A Killer Klown (Zot:5)
  A caustic shrike (Depths:2)
  A curse toe (Arena)
  8 golden dragons
  Geryon (Hell)
  Nikola (Depths:2)
  Jory (Crypt:3)
  4 bone dragons
  4 electric golems
  An iron giant (Zot:5)
  24 tentacled monstrosities
  Jorgrun (D:13)
  A walking earthen tome (Depths:3)
  14 Orb Guardians (Zot:5)
  A shard shrike skeleton (Abyss:3)
  7 liches
  23 titans
  12 deep elf blademasters
  A walking divine tome (Depths:3)
  6 deep elf master archers
  2 walking frostbound tomes (Depths:3)
  18 acid blobs
  9 quicksilver dragons
  2 Executioners
  10 ancient champions
  6 sphinxes
  6 tentacled starspawn
  2 thorn hunters
  7 death cobs
  12 tengu reavers
  15 storm dragons
  15 shadow dragons
  7 draconian monks
  7 azure jellies
  Donald (Orc:2)
  9 rockslimes
  2 revenants
  2 fenstrider witches
  A daeva (Abyss:3)
  5 iron dragons
  7 deep elf sorcerers
  7 draconian knights
  2 orc warlords
  7 emperor scorpions
  6 ghost moths
  23 vault wardens
  17 frost giants
  Louise (Swamp:1)
  A cacodemon (Hell)
  2 balrugs
  25 fire giants
  11 draconian scorchers
  6 draconian shifters
  18 ghouls
  A deep elf elementalist (Elf:2)
  5 curse skulls
  A caustic shrike skeleton (Crypt:3)
  10 draconian stormcallers
  9 quicksilver oozes
  14 reapers
  16 ironbound preservers
  6 draconian annihilators
  2 juggernaut skeletons
  5 war gargoyles
  10 vampire knights
  Nessos (Lair:5)
  31 stone giants
  16 green draconians
  11 red draconians
  35 very ugly things
  15 purple draconians
  11 deep elf demonologists
  22 white draconians
  2 bunyips
  A minotaur (Gauntlet)
  4 dire elephants (Vaults:4)
  4 entropy weavers
  12 black draconians
  8 deep elf annihilators
  2 spark wasps (Spider:3)
  9 yellow draconians
  9 eidola
  6 deep elf death magi
  13 ettins
  3 green deaths
  Josephine (D:14)
  4 eleionomae (Swamp:1)
  6 crystal guardians
  6 jiangshi
  2 blizzard demons
  10 fire dragons
  19 yaktaur captains
  5 deep elf high priests
  Fannar (D:11)
  2 great orbs of eyes (shapeshifter) (Abyss:3)
  2 quicksilver dragon skeletons
  6 rakshasas
  12 great orbs of eyes
  2 peacekeepers
  15 ice dragons
  A hydra (shapeshifter) (Depths:2)
  2 ghost crabs
  17 hydras
  6 ogre magi
  5 ironbound thunderhulks
  5 spriggan air magi
  5 centaur warriors
  3 caustic shrike simulacra (IceCv)
  37 vault guards
  2 anacondas (shapeshifter)
  10 ironbound frosthearts
  3 boulder beetles
  7 alligators
  3 catoblepae (Lair:6)
  31 dancing weapons
  4 death knights
  6 deep troll shamans
  8 tengu warriors
  24 two-headed ogres
  9 hell hogs
  2 orc high priests (Elf:1)
  10 vampire magi
  6 spriggan berserkers
  7 deep troll earth magi
  13 thrashing horrors
  20 death yaks
  Nergalle (D:11)
  6 sun demons (Hell)
  6 shadow wraiths
  A spatial maelstrom (Abyss:2)
  12 wretched stars
  18 deep elf knights
  12 spriggans
  6 soul eaters
  23 hell knights
  3 sixfirhies (Abyss:3)
  61 skeletal warriors
  2 titan skeletons (Crypt:3)
  42 deep trolls
  8 iron trolls
  A bunyip zombie (Crypt:3)
  10 flayed ghosts
  5 spriggan druids
  3 anaconda zombies (Hell)
  5 glowing orange brains
  9 bog bodies
  A swamp dragon (shapeshifter) (Vaults:2)
  6 swamp dragons
  2 obsidian statues (IceCv)
  5 anaconda skeletons
  2 orange crystal statues (Depths:1)
  12 wizards
  24 ironbound convokers
  10 orc knights
  12 lindwurms
  12 deep elf archers
  6 orc sorcerers
  3 shadow dragon zombies
  22 deep elf pyromancers
  26 phantasmal warriors
  5 harpies (Vaults:1)
  30 wolf spiders
  9 necromancers
  31 deep elf zephyrmancers
  67 ugly things
  A stone giant zombie (Crypt:2)
  2 iron dragon zombies
  2 cyclopes
  A wolf spider (shapeshifter) (Abyss:3)
  32 orb spiders
  2 will-o-the-wisps
  2 manticores (Lair:6)
  9 elephants
  A shadow dragon skeleton (Crypt:1)
  29 moths of wrath
  4 shining eyes
  2 ice statues (Hell)
  4 rust devils
  A stone giant skeleton (Crypt:1)
  3 spriggan zombies
  Maurice (D:11)
  A dire elephant zombie (Crypt:1)
  3 torpor snails
  20 vault sentinels
  A frost giant skeleton (Crypt:2)
  A water nymph (shapeshifter) (Depths:2)
  2 apocalypse crabs
  An eye of devastation (shapeshifter) (Vaults:5)
  6 black mambas
  2 guardian serpents (shapeshifter) (Abyss:3)
  2 gargoyles
  19 cane toads
  An emperor scorpion zombie (Crypt:3)
  6 orange demons
  An orc skeleton (Crypt:2)
  2 hellions
  16 unseen horrors
  10 komodo dragons
  2 efreet
  65 yaktaurs
  5 tengu conjurers
  An unseen horror (shapeshifter) (Abyss:3)
  16 smoke demons
  5 rime drakes
  2 sea snake zombies (Hell)
  2 dire elephant skeletons
  6 kobold demonologists
  2 tormentors
  11 demonic crawlers
  4 hellwings
  6 trolls
  2 ice devils
  An entropy weaver simulacrum (IceCv)
  15 freezing wraiths
  2 golden dragon simulacra (IceCv)
  31 jumping spiders
  A queen bee (shapeshifter) (Vaults:3)
  A silent spectre (Abyss:2)
  A troll (shapeshifter) (Depths:2)
  6 meliai
  A harpy zombie (Abyss:3)
  7 tyrant leeches
  A hydra zombie (Hell)
  2 spectral guardian serpents (Crypt:1)
  3 polar bears
  A wolf spider simulacrum (D:15)
  2 ancient zymes
  2 hornets (shapeshifter)
  3 harpy skeletons
  3 hydra skeletons
  12 hornets
  21 raiju
  9 blink frogs
  A death drake skeleton (Crypt:3)
  2 alligator zombies (Hell)
  66 slime creatures
  74 redbacks
  13 water elementals
  35 starcursed masses
  10 flying skulls
  4 shadows
  A tarantella (shapeshifter) (Depths:2)
  4 centaur simulacra
  An air elemental (Abyss:1)
  A vampire (D:14)
  13 wraiths
  9 ynoxinuls
  A wyvern (shapeshifter) (Vaults:5)
  An ettin skeleton (Crypt:2)
  30 tarantellas
  4 golden eyes (Slime:1)
  A naga simulacrum (Crypt:1)
  27 large abominations
  2 wyverns
  A fire bat (Abyss:3)
  53 yaks
  Sigmund (D:2)
  2 basilisks
  5 vampire mosquitoes
  A fire elemental (Elf:3)
  A spriggan simulacrum (IceCv)
  An alligator snapping turtle simulacrum (Abyss:2)
  6 neqoxecs
  A steam dragon (D:8)
  9 chaos spawn
  A basilisk (shapeshifter) (Vaults:5)
  The ghost of hgbash the Magician, an amateur DjCj (D:4)
  21 swamp worms
  4 wargs
  An acid dragon (D:13)
  A hydra simulacrum (IceCv)
  12 water moccasins
  A harpy simulacrum (Abyss:3)
  3 hell hounds (Hell)
  Duvessa (D:7)
  3 floating eyes
  27 orc warriors
  A cane toad skeleton (Crypt:1)
  24 small abominations
  2 ice beasts
  A sky beast (Abyss:3)
  A naga skeleton (Crypt:3)
  5 ettin simulacra (IceCv)
  26 ogres
  10 necrophages
  A swamp dragon skeleton (Crypt:2)
  7 black bears
  4 centaurs
  10 wolves (Lair:4)
  17 kobold brigands
  A phantom (D:6)
  A rime drake zombie (Crypt:2)
  Blork the orc (D:6)
  3 earth elementals
  A deep troll simulacrum (IceCv)
  10 bullfrogs
  A water moccasin zombie (D:6)
  A scorpion (D:8)
  Dowan (D:7)
  A killer bee (D:9)
  8 spriggan skeletons
  A program bug skeleton (Crypt:2)
  13 wights
  An electric eel (Lair:3)
  3 howler monkeys
  A crimson imp (Abyss:1)
  A bullfrog zombie (D:5)
  3 centaur zombies
  4 quasits (Abyss:3)
  2 jellies
  3 hounds
  A bullfrog skeleton (D:6)
  12 orc priests
  Crazy Yiuf (D:3)
  3 centaur skeletons
  Terence (D:3)
  10 hell rats (Hell)
  A gnoll shaman (D:10)
  16 orc wizards
  A statue (D:7)
  A lightning spire (Zot:3)
  4 gnolls
  A gnoll (shapeshifter) (Vaults:5)
  4 adders
  A howler monkey skeleton (D:6)
  A steam dragon skeleton (Crypt:3)
  5 white imps
  A shadow imp (D:6)
  3 ufetubi
  A lava snake skeleton (Crypt:3)
  An iguana skeleton (Crypt:2)
  2 worms
  65 orcs
  7 bats
  6 endoplasms
  3 giant cockroaches
  7 hobgoblins
  2 jackals (D:4)
  7 quokkas
  13 ball pythons
  A ball python zombie (Crypt:1)
  4 frilled lizards (D:1)
  A frilled lizard skeleton (Crypt:3)
  6 goblins
  A jackal skeleton (Crypt:3)
  23 kobolds
  4 rats
  2 briar patches (Swamp:3)
  3 lurking horrors
  4 starspawn tentacles
2860 creatures vanquished.

Vanquished Creatures (collateral kills)
  2 quicksilver oozes (Slime:5)
  A hell hog (Hell)
  A hell rat (Hell)
4 creatures vanquished.

Vanquished Creatures (others)
  2 draconian knights
  A deep elf annihilator (Elf:3)
  A red draconian (Zot:1)
  A blizzard demon (Hell)
  2 ogre magi (Abyss:3)
  An alligator (Swamp:1)
  A wretched star (Abyss:2)
  A hell knight (Hell)
  A bog body (Swamp:1)
  2 wizards
  A necromancer (Depths:2)
  2 deep elf pyromancers
  A tengu conjurer (Depths:1)
  2 bloated husks
  A vampire mosquito (Swamp:1)
  A swamp drake (Swamp:1)
  2 hell rats (Hell)
  An orc (Orc:1)
  4 bushes
  24 demonic plants (Gauntlet)
  13 foxfires
  20 fungi
  2 lurking horrors
  39 plants
  14 starspawn tentacles
140 creatures vanquished.

Grand Total: 3004 creatures vanquished

Notes
Turn   | Place    | Note
-------+----------+-------------------------------------------
     0 | D:1      | blank1 the Minotaur Fighter began the quest for the Orb.
     0 | D:1      | Reached XP level 1. HP: 19/19 MP: 0/0
   331 | D:1      | Reached XP level 2. HP: 16/27 MP: 1/1
   349 | D:1      | Found Tuesash's Book Shop.
   524 | D:1      | Found a faded altar of an unknown god.
   664 | D:1      | Reached skill level 1 in Dodging
  1018 | D:2      | Reached XP level 3. HP: 33/33 MP: 2/2
  1109 | D:2      | Noticed Sigmund
  1124 | D:2      | Killed Sigmund
  1125 | D:2      | Reached XP level 4. HP: 37/41 MP: 3/3
  1125 | D:2      | Reached XP level 5. HP: 42/47 MP: 4/4
  1954 | D:3      | Found an opulent altar of Gozag.
  2402 | D:3      | Found a snail-covered altar of Cheibriados.
  2402 | D:3      | Found a hide-covered altar of Uskayaw.
  2402 | D:3      | Noticed Terence
  2421 | D:3      | HP: 1/47 [something (6)]
  2422 | D:3      | Killed Terence
  2423 | D:3      | Reached skill level 5 in Fighting
  2423 | D:3      | Reached skill level 5 in Maces & Flails
  2838 | D:3      | Found a runed translucent door.
  2839 | D:3      | Noticed Crazy Yiuf
  2847 | D:3      | Killed Crazy Yiuf
  2848 | D:3      | Reached XP level 6. HP: 56/56 MP: 5/5
  3230 | D:4      | Found a runed translucent gate.
  3235 | D:4      | Found a runed translucent gate.
  3240 | D:4      | Found a runed translucent gate.
  3240 | D:4      | Noticed hgbash's ghost (amateur DjCj)
  3253 | D:4      | Killed hgbash's ghost
  3254 | D:4      | Reached skill level 5 in Armour
  3254 | D:4      | Reached XP level 7. HP: 40/63 MP: 6/6
  3625 | D:5      | Entered Level 5 of the Dungeon
  3633 | D:5      | Identified a scroll of acquirement
  3633 | D:5      | Acquired the ring of the Iron Devil {Int+4 Dex+6 Slay+2}
  4003 | D:5      | Acquired a manual of Armour
  4091 | D:5      | Found an iron altar of Okawaru.
  4096 | D:5      | Became a worshipper of Warmaster Okawaru
  4606 | D:5      | Reached XP level 8. HP: 72/73 MP: 7/7
  4708 | D:6      | Found a staircase to the Ecumenical Temple.
  4730 | D:6      | Noticed Blork the orc
  4740 | D:6      | Killed Blork the orc
  4792 | D:6      | Found a stormy altar of Qazlal.
  4816 | D:6      | Reached skill level 1 in Invocations
  4864 | D:6      | Reached * piety under Okawaru
  5378 | D:6      | Identified the +2 hand axe of Forced Transition {vorpal,
                  | rC++ Dex+2}
  5436 | D:7      | Reached ** piety under Okawaru
  5479 | D:7      | Reached XP level 9. HP: 79/82 MP: 10/10
  5787 | D:7      | Reached skill level 10 in Armour
  5787 | D:7      | Reached skill level 5 in Dodging
  5836 | D:7      | Noticed Duvessa
  5837 | D:7      | Noticed Dowan
  5876 | D:7      | Killed Dowan
  5892 | D:7      | Killed Duvessa
  5892 | D:7      | Reached *** piety under Okawaru
  6085 | D:7      | Found a radiant altar of Vehumet.
  6426 | D:8      | Noticed a komodo dragon
  6434 | D:8      | Killed a komodo dragon
  6666 | D:8      | Found Womy's Jewellery Emporium.
  6847 | D:9      | Noticed a two-headed ogre
  6853 | D:9      | Killed a two-headed ogre
  6853 | D:9      | Reached **** piety under Okawaru
  6854 | D:9      | Reached XP level 10. HP: 84/92 MP: 11/11
  7197 | D:8      | Reached skill level 10 in Fighting
  7860 | D:9      | Reached skill level 10 in Maces & Flails
  8061 | D:9      | Reached ***** piety under Okawaru
  8135 | D:9      | Found a staircase to the Lair.
  8462 | D:10     | Entered Level 10 of the Dungeon
  8584 | D:10     | Noticed a two-headed ogre
  8593 | D:10     | Killed a two-headed ogre
  8593 | D:10     | Received a gift from Okawaru
  8979 | D:10     | Found a staircase to the Orcish Mines.
  9220 | D:11     | Noticed a two-headed ogre
  9230 | D:11     | Killed a two-headed ogre
  9231 | D:11     | Reached XP level 11. HP: 65/99 MP: 12/12
  9400 | D:11     | Noticed Maurice
  9406 | D:11     | Killed Maurice
  9407 | D:11     | Reached skill level 15 in Armour
  9576 | D:11     | Noticed Nergalle
  9587 | D:11     | Killed Nergalle
  9631 | D:11     | Noticed Fannar
  9660 | D:11     | Killed Fannar
  9924 | D:11     | Noticed a two-headed ogre
  9928 | D:11     | Killed a two-headed ogre
 10282 | Lair:1   | Entered Level 1 of the Lair of Beasts
 10546 | Lair:1   | Received a gift from Okawaru
 10659 | Lair:1   | Noticed a seven-headed hydra
 10668 | Lair:1   | Killed a seven-headed hydra
 10668 | Lair:1   | Received a gift from Okawaru
 11398 | Lair:2   | Reached XP level 12. HP: 77/113 MP: 13/13
 11420 | Lair:2   | Found a gate leading to a gauntlet.
 11429 | Gauntlet | Entered a Gauntlet
 11429 | Gauntlet | Found a transporter.
 11707 | Gauntlet | Found a transporter.
 11722 | Gauntlet | Found a transporter.
 11727 | Gauntlet | Found a transporter.
 11748 | Gauntlet | Found a transporter.
 11761 | Gauntlet | Found a transporter.
 11769 | Gauntlet | Found a large runed translucent door.
 11770 | Gauntlet | Found a large runed translucent door.
 11771 | Gauntlet | Found a large runed translucent door.
 11771 | Gauntlet | Found a large runed translucent door.
 11772 | Gauntlet | Found a runed translucent gate.
 11772 | Gauntlet | Noticed a catoblepas
 11773 | Gauntlet | Found a transporter.
 11773 | Gauntlet | Found a runed translucent gate.
 11774 | Gauntlet | Found a runed translucent gate.
 11775 | Gauntlet | Found a large runed translucent door.
 11775 | Gauntlet | Found a large runed translucent door.
 11776 | Gauntlet | Found a large runed translucent door.
 11777 | Gauntlet | Found a large runed translucent door.
 11785 | Gauntlet | Found a transporter.
 11797 | Gauntlet | Found a transporter.
 11797 | Gauntlet | Noticed a dire elephant
 11803 | Gauntlet | Found a transporter.
 11818 | Gauntlet | Found a transporter.
 11835 | Gauntlet | Found a transporter.
 11853 | Gauntlet | Found a transporter.
 11855 | Gauntlet | Found a transporter.
 11880 | Gauntlet | Found a transporter.
 11882 | Gauntlet | Found a transporter.
 11902 | Gauntlet | Found a transporter.
 11917 | Gauntlet | Paralysed by a floating eye for 2 turns
 11929 | Gauntlet | Found a transporter.
 11930 | Gauntlet | Found a large runed translucent door.
 11931 | Gauntlet | Found a large runed translucent door.
 11931 | Gauntlet | Found a large runed translucent door.
 11931 | Gauntlet | Found a large runed translucent door.
 11946 | Gauntlet | Found a large runed translucent door.
 11946 | Gauntlet | Found a large runed translucent door.
 11946 | Gauntlet | Found a runed translucent door.
 11946 | Gauntlet | Found a runed translucent door.
 11948 | Gauntlet | Found a large runed translucent door.
 11949 | Gauntlet | Found a large runed translucent door.
 12031 | Gauntlet | Identified the amulet "Ygamp" {Acrobat Dex+4}
 12036 | Gauntlet | Identified the +0 pair of gloves of the Stars {Will+ Regen+
                  | Str-4 Dex+8}
 12069 | Gauntlet | Identified the +10 shadow dragon scales of Buishiog {Str+6
                  | Stlth++++}
 12069 | Gauntlet | Noticed a minotaur
 12084 | Gauntlet | Killed a minotaur
 12085 | Gauntlet | Reached skill level 5 in Invocations
 12108 | Gauntlet | Identified the +0 ring mail of Vacubouc {MP+9 Int+3 Slay+3}
 12112 | Gauntlet | Got the Compendium of Transmutation and the Oath
 12149 | Gauntlet | Identified the +1 quarterstaff of Amorality {flame, rPois
                  | rCorr Str-3 Stlth+}
 12150 | Gauntlet | Got the Reference Book on the Arsonist
 12811 | Lair:3   | Found a hole to the Spider Nest.
 12820 | Lair:3   | Reached ****** piety under Okawaru
 12826 | Lair:3   | Received a gift from Okawaru
 13244 | Lair:4   | Reached skill level 15 in Fighting
 13336 | Lair:4   | Noticed an eight-headed hydra
 13347 | Lair:4   | Killed an eight-headed hydra
 13348 | Lair:4   | Reached XP level 13. HP: 118/126 MP: 15/15
 13524 | Lair:4   | Found a staircase to the Swamp.
 13615 | Lair:4   | Reached skill level 15 in Maces & Flails
 13754 | Lair:4   | Received a gift from Okawaru
 14052 | Lair:5   | Found a staircase to the Slime Pits.
 14233 | Lair:5   | Reached skill level 1 in Stealth
 14527 | Lair:5   | Noticed Nessos
 14537 | Lair:5   | Killed Nessos
 14824 | Lair:5   | Noticed Kirke
 14839 | Lair:6   | Entered Level 6 of the Lair of Beasts
 14930 | Lair:6   | Identified the +1 scale mail of Broken Taboos {+Inv}
                  | (Okawaru gifted it to you on level 6 of the Lair of Beasts)
 14930 | Lair:6   | Received a gift from Okawaru
 15035 | Lair:6   | Reached XP level 14. HP: 125/138 MP: 16/16
 15149 | Lair:6   | Reached skill level 10 in Dodging
 15818 | Lair:6   | Received a gift from Okawaru
 16434 | D:1      | Bought a manual of Stealth for 960 gold pieces
 16929 | D:12     | Found a sacrificial altar of Ru.
 17029 | D:12     | Reached skill level 5 in Shields
 17098 | D:12     | Reached skill level 5 in Stealth
 17798 | D:13     | Found a gate to the Vaults.
 17931 | D:13     | Reached XP level 15. HP: 134/151 MP: 18/18
 18051 | D:13     | Received a gift from Okawaru
 18234 | D:13     | Noticed Jorgrun
 18258 | D:13     | Killed Jorgrun
 18428 | D:14     | Noticed Josephine
 18438 | D:14     | Killed Josephine
 19584 | D:15     | Entered Level 15 of the Dungeon
 19617 | D:15     | Reached skill level 10 in Stealth
 19623 | D:15     | Found a staircase to the Depths.
 19717 | D:15     | Received a gift from Okawaru
 19833 | D:15     | Identified the +4 flail of Past Mistakes {flame, Will++
                  | rCorr Str-4 Dex+4} (Okawaru gifted it to you on level 15 of
                  | the Dungeon)
 19833 | D:15     | Received a gift from Okawaru
 20022 | D:15     | Found a hide-covered altar of Uskayaw.
 20423 | Orc:1    | Entered Level 1 of the Orcish Mines
 20728 | Orc:2    | Entered Level 2 of the Orcish Mines
 20737 | Orc:2    | Found a staircase to the Elven Halls.
 20941 | Orc:2    | Identified the +6 flail of Dewuvuash {elec, SInv} (Okawaru
                  | gifted it to you on level 2 of the Orcish Mines)
 20941 | Orc:2    | Received a gift from Okawaru
 20950 | Orc:2    | Noticed Donald
 20957 | Orc:2    | Reached skill level 10 in Shields
 20970 | Orc:2    | Killed Donald
 20984 | Orc:2    | Reached XP level 16. HP: 150/162 MP: 19/19
 21259 | Orc:2    | Found Geureli's Armour Shop.
 21261 | Orc:2    | Found Lenool's Armour Emporium.
 21261 | Orc:2    | Found Acerghiu's Magic Scroll Shop.
 21268 | Orc:2    | Found Ihis's Weapon Shop.
 21268 | Orc:2    | Found Joocw's Book Shoppe.
 21289 | Orc:2    | Bought a +1 cloak for 161 gold pieces
 21301 | Orc:2    | Bought a scroll of acquirement for 728 gold pieces
 21301 | Orc:2    | Bought a scroll of brand weapon for 280 gold pieces
 21301 | Orc:2    | Bought a scroll of enchant weapon for 105 gold pieces
 21303 | Orc:2    | Acquired a manual of Armour
 21567 | Elf:1    | Entered Level 1 of the Elven Halls
 21602 | Elf:1    | Identified the +4 spear "Acream" {vorpal, rN+ SInv}
                  | (Okawaru gifted it to you on level 1 of the Elven Halls)
 21602 | Elf:1    | Received a gift from Okawaru
 21767 | Elf:1    | Cast into level 2 of the Abyss (a deep elf demonologist)
 21925 | Abyss:2  | Noticed a bone dragon
 21950 | Abyss:2  | Killed a bone dragon
 21957 | Abyss:2  | Noticed a tentacled starspawn
 21965 | Abyss:2  | Killed a tentacled starspawn
 22085 | Abyss:2  | Identified the +8 plate armour of Miracles {rPois rF+
                  | rCorr} (Okawaru gifted it to you on level 2 of the Abyss)
 22085 | Abyss:2  | Received a gift from Okawaru
 22094 | Abyss:2  | Noticed a tentacled starspawn
 22099 | Abyss:2  | Killed a tentacled starspawn
 22104 | Elf:1    | Escaped the Abyss
 22105 | Elf:1    | Noticed a Tzitzimitl
 22263 | Elf:1    | Found a shimmering blue altar of Sif Muna.
 23029 | Swamp:1  | Entered Level 1 of the Swamp
 23079 | Swamp:1  | Noticed Louise
 23106 | Swamp:1  | Killed Louise
 23636 | Swamp:2  | Found a frozen archway.
 23647 | IceCv    | Entered an ice cave
 23691 | IceCv    | Received a gift from Okawaru
 23918 | IceCv    | Reached XP level 17. HP: 170/170 MP: 20/20
 24928 | Swamp:3  | Reached skill level 15 in Shields
 25266 | Swamp:4  | Entered Level 4 of the Swamp
 25386 | Swamp:4  | Identified the ring "Testri" {Fire MP+9 Str+3 SInv}
 25425 | Swamp:4  | Received a gift from Okawaru
 25569 | Swamp:4  | Noticed Bai Suzhen
 25603 | Swamp:4  | Killed Bai Suzhen
 25905 | Swamp:4  | Noticed a tentacled monstrosity
 25926 | Swamp:4  | Killed a tentacled monstrosity
 25938 | Swamp:4  | Got a decaying rune of Zot
 26409 | Spider:1 | Entered Level 1 of the Spider Nest
 26447 | Lair:3   | Acquired 505 gold pieces
 27067 | Spider:2 | Received a gift from Okawaru
 27153 | Spider:2 | Reached XP level 18. HP: 173/182 MP: 21/21
 28376 | Spider:3 | Identified the +8 flail "Ziuraofo" {drain, rF+ rN+}
                  | (Okawaru gifted it to you on level 3 of the Spider Nest)
 28376 | Spider:3 | Received a gift from Okawaru
 28853 | Spider:4 | Entered Level 4 of the Spider Nest
 29165 | Spider:4 | Received a gift from Okawaru
 29409 | Spider:4 | Reached skill level 15 in Dodging
 29620 | Spider:4 | Got a gossamer rune of Zot
 30012 | Vaults:1 | Entered Level 1 of the Vaults
 30106 | Vaults:1 | Received a gift from Okawaru
 30360 | Vaults:1 | Reached XP level 19. HP: 120/195 MP: 22/22
 30652 | Vaults:1 | Identified the +6 great mace of Owaen {vorpal, rC+ Dex-3
                  | SInv} (Okawaru gifted it to you on level 1 of the Vaults)
 30652 | Vaults:1 | Received a gift from Okawaru
 31578 | Vaults:2 | Received a gift from Okawaru
 32024 | Vaults:2 | Found Biritsuu's Magic Scroll Emporium.
 32349 | Vaults:2 | Received a gift from Okawaru
 33061 | Vaults:3 | Reached XP level 20. HP: 206/206 MP: 26/26
 33081 | Vaults:3 | Found a staircase to the Crypt.
 33117 | Vaults:3 | Reached skill level 10 in Invocations
 33122 | Vaults:3 | Received a gift from Okawaru
 33564 | Vaults:3 | Noticed Margery
 33870 | Vaults:3 | Received a gift from Okawaru
 34483 | Vaults:3 | Killed Margery
 34930 | Vaults:4 | Noticed Mennas
 34997 | Vaults:4 | Killed Mennas
 36013 | Vaults:4 | Upgraded the game from 0.28-a0-589-g333b8329f1 to
                  | 0.28-a0-631-g0446da8ef9
 36245 | Depths:1 | Entered Level 1 of the Depths
 36320 | Depths:1 | Identified the +6 hunting sling of the Ageless Quests
                  | {flame, Fly rElec Int-4} (Okawaru gifted it to you on level
                  | 1 of the Depths)
 36320 | Depths:1 | Received a gift from Okawaru
 36360 | Depths:1 | Reached XP level 21. HP: 117/215 MP: 28/28
 36762 | Depths:1 | Found a one-way gate leading to the halls of Pandemonium.
 37055 | Depths:1 | Identified the +7 kite shield "Geoluer" {Harm Drain MP+9}
                  | (Okawaru gifted it to you on level 1 of the Depths)
 37055 | Depths:1 | Received a gift from Okawaru
 37183 | Depths:1 | Identified the ring "Jaupuung" {rF+ SInv}
 37279 | Depths:1 | Found a runed translucent door.
 37398 | Depths:1 | Found a gateway to Hell.
 37412 | Depths:1 | Reached skill level 1 in Evocations
 37485 | Depths:1 | Identified the ring of Gin and Tonic {rCorr Str+6}
 37494 | Depths:1 | Identified the +10 plate armour of the Grey Skies {Harm
                  | Drain rCorr}
 37946 | Depths:2 | Paralysed by a floating eye for 3 turns
 37956 | Depths:2 | Paralysed by a floating eye for 4 turns
 37967 | Depths:2 | Paralysed by a floating eye for 3 turns
 38257 | Depths:2 | Found a gateway to a ziggurat.
 38312 | Depths:2 | Identified the +9 great sword "Backscratcher" {vorpal,
                  | +Blink rCorr Dex-4}
 38524 | Depths:2 | Found an iron altar of Okawaru.
 38555 | Depths:2 | Noticed a caustic shrike
 38570 | Depths:2 | Killed a caustic shrike
 38944 | Depths:2 | Noticed Nikola
 38945 | Depths:2 | Noticed a juggernaut
 38953 | Depths:2 | Received a gift from Okawaru
 38968 | Depths:2 | Killed a juggernaut
 38977 | Depths:2 | Killed Nikola
 39801 | Depths:2 | Reached XP level 22. HP: 171/231 MP: 29/29
 39951 | Depths:3 | Found a portal to a secret trove of treasure.
 40065 | Depths:3 | Identified the ring of the Country {rF+ Str+4}
 40072 | Depths:3 | Noticed a juggernaut
 40103 | Depths:3 | Killed a juggernaut
 40103 | Depths:3 | Identified the +11 hunting sling of Qiej {freeze, +Blink
                  | rN+ Will+ SInv} (Okawaru gifted it to you on level 3 of the
                  | Depths)
 40103 | Depths:3 | Received a gift from Okawaru
 40104 | Depths:3 | Reached skill level 27 in Fighting
 40234 | Depths:3 | Identified the ring "Ruret" {Will+ Str+2 Dex+7}
 40424 | Depths:3 | Found the +6 arbalest "Damnation" {damnation}
 40445 | Depths:3 | Identified the +6 morningstar of Bekue {vorpal, rF++ Will+
                  | MP+9 Dex-3}
 40593 | Depths:3 | Noticed a juggernaut
 40595 | Depths:3 | Received a gift from Okawaru
 40607 | Depths:3 | Killed a juggernaut
 40793 | Depths:3 | Found a one-way gate to the infinite horrors of the Abyss.
 41013 | Depths:3 | Found Jeseagri's Assorted Antiques.
 41076 | Depths:4 | Entered Level 4 of the Depths
 41082 | Depths:4 | Received a gift from Okawaru
 41388 | Depths:4 | Found a gate to the Realm of Zot.
 41865 | Depths:4 | Identified the +0 hat of Hali {-Tele rPois rF- Dex+8}
                  | (Okawaru gifted it to you on level 4 of the Depths)
 41865 | Depths:4 | Received a gift from Okawaru
 42182 | Depths:4 | Acquired a manual of Spellcasting
 42483 | Vaults:5 | Entered Level 5 of the Vaults
 42507 | Arena    | Entered the Arena
 42513 | Arena    | Reached skill level 1 in Spellcasting
 42591 | Vaults:4 | Reached XP level 23. HP: 240/240 MP: 30/30
 42801 | Vaults:5 | Reached skill level 5 in Spellcasting
 42897 | Vaults:5 | Noticed a dread lich
 42932 | Vaults:5 | Killed a dread lich
 42932 | Vaults:5 | Identified the +5 flail of Woovuan {vorpal, rElec Will+++
                  | Int-3 Stlth+} (Okawaru gifted it to you on level 5 of the
                  | Vaults)
 42932 | Vaults:5 | Received a gift from Okawaru
 43295 | Vaults:5 | Got a silver rune of Zot
 43419 | Vaults:5 | Paralysed by a floating eye for 2 turns
 43443 | Vaults:5 | Received a gift from Okawaru
 43533 | Vaults:5 | Noticed a dread lich
 43547 | Vaults:5 | Killed a dread lich
 43725 | Vaults:5 | Reached skill level 27 in Armour
 43972 | Vaults:5 | Acquired a manual of Spellcasting
 43978 | Vaults:5 | Learned a level 1 spell: Apportation
 44012 | Vaults:5 | Received a gift from Okawaru
 44597 | Elf:2    | Found a runed translucent gate.
 44597 | Elf:2    | Found a runed translucent gate.
 44598 | Elf:2    | Found a runed translucent gate.
 44949 | Elf:2    | Reached XP level 24. HP: 249/249 MP: 31/31
 45272 | Elf:3    | Entered Level 3 of the Elven Halls
 45427 | Elf:3    | Found Ysivimoh's Jewellery Boutique.
 45555 | Elf:3    | Found Hagaorph's Gadget Gallery.
 46096 | Elf:3    | Identified the +3 glaive "Ciestiam" {venom, Dex+2}
 46621 | Elf:3    | Received a gift from Okawaru
 46727 | Elf:3    | Identified the +5 hand crossbow of the Revolution {elec,
                  | SInv}
 46744 | Elf:3    | Got the Collected Works on Supportive Stolen Souls
 46891 | Orc:2    | Bought a scroll of enchant armour for 105 gold pieces
 47142 | Vaults:2 | Bought a scroll of enchant weapon for 157 gold pieces
 47142 | Vaults:2 | Bought a scroll of enchant armour for 157 gold pieces
 47448 | Zot:1    | Entered Level 1 of the Realm of Zot
 47536 | Zot:1    | Received a gift from Okawaru
 47720 | Zot:1    | Acquired 901 gold pieces
 48759 | Zot:2    | Noticed an orb of fire
 48774 | Zot:2    | Killed an orb of fire
 48922 | Zot:2    | Noticed an orb of fire
 48930 | Zot:2    | Gained mutation: You are occasionally teleported next to
                  | monsters. [an orb of fire]
 48931 | Zot:2    | Gained mutation: You occasionally shout uncontrollably at
                  | your foes. [an orb of fire]
 48935 | Zot:2    | Gained mutation: You are agile. (Dex +2) [an orb of fire]
 48944 | Zot:2    | Killed an orb of fire
 48946 | Zot:2    | Lost mutation: You occasionally shout uncontrollably at
                  | your foes. [potion of mutation]
 48946 | Zot:2    | Lost mutation: You are agile. (Dex +2) [potion of mutation]
 48946 | Zot:2    | Gained mutation: You sometimes lose the ability to read
                  | scrolls when taking damage. [potion of mutation]
 49211 | Zot:2    | Received a gift from Okawaru
 49223 | Arena    | Entered the Arena
 49897 | Zot:3    | Reached XP level 25. HP: 234/257 MP: 33/33
 50458 | Zot:2    | Lost mutation: You are occasionally teleported next to
                  | monsters. [potion of mutation]
 50458 | Zot:2    | Lost mutation: You sometimes lose the ability to read
                  | scrolls when taking damage. [potion of mutation]
 50458 | Zot:2    | Gained mutation: A frigid envelope surrounds you and
                  | freezes all who hurt you. [potion of mutation]
 50887 | Zot:3    | Reached skill level 10 in Spellcasting
 51484 | Zot:4    | Received a gift from Okawaru
 51894 | Zot:5    | Entered Level 5 of the Realm of Zot
 51902 | Zot:5    | Noticed a Killer Klown
 51903 | Zot:5    | Noticed a juggernaut
 51903 | Zot:5    | a Killer Klown changed into a juggernaut
 51947 | Zot:4    | Killed a juggernaut
 52396 | Zot:5    | Noticed a Killer Klown
 52582 | Zot:5    | a Killer Klown changed into an iron giant
 53244 | Temple   | Entered the Ecumenical Temple
 53275 | Temple   | Fell from the grace of Okawaru
 53275 | Temple   | Became a worshipper of the Shining One
 53523 | Crypt:1  | Entered Level 1 of the Crypt
 53551 | Crypt:1  | Reached * piety under the Shining One
 53623 | Crypt:1  | Reached ** piety under the Shining One
 53709 | Crypt:1  | Reached *** piety under the Shining One
 53881 | Crypt:1  | Reached **** piety under the Shining One
 53923 | Crypt:1  | Reached XP level 26. HP: 266/266 MP: 39/39
 54318 | Crypt:2  | Reached ***** piety under the Shining One
 54453 | Crypt:2  | Identified the +1 scale mail "Leraosum" {Slay+6}
 54745 | Crypt:2  | Reached ****** piety under the Shining One
 54846 | Crypt:2  | Identified a +9 sacred scourge of holy wrath (a +9 demon
                  | whip of flaming blessed by the Shining One)
 54846 | Crypt:2  | Received a gift from the Shining One
 55476 | Crypt:3  | Entered Level 3 of the Crypt
 55606 | Crypt:3  | Noticed Frederick
 55612 | Crypt:3  | Killed Frederick
 55811 | Crypt:3  | Found a staircase to the Tomb.
 56031 | Crypt:3  | Found an ancient bone altar of Kikubaaqudgha.
 56088 | Crypt:3  | Noticed an ancient lich
 56089 | Crypt:3  | Noticed Jory
 56115 | Crypt:3  | Killed an ancient lich
 56116 | Crypt:3  | Reached skill level 15 in Invocations
 56135 | Crypt:3  | Killed Jory
 56169 | Crypt:3  | Found the +8 Vampire's Tooth {vamp}
 56177 | Crypt:3  | Identified the +2 hand axe "Uzxysetya" {vorpal, Drain rElec
                  | rC++ rCorr}
 56475 | Crypt:3  | Identified the +6 war axe of Durphegaq {vorpal, rElec}
 57696 | Hell     | Entered the Vestibule of Hell
 57696 | Hell     | Noticed Geryon
 57704 | Hell     | Reached skill level 1 in Translocations
 57717 | Hell     | Killed Geryon
 57736 | Hell     | Gained mutation: Your body sometimes deteriorates upon
                  | taking damage. [a cacodemon]
 57835 | Hell     | Reached skill level 5 in Translocations
 57883 | Hell     | Reached XP level 27. HP: 269/273 MP: 39/39
 57952 | Hell     | Found a gateway to the decaying netherworld of Tartarus.
 58116 | Hell     | Found a gateway to the freezing wastes of Cocytus.
 58210 | Hell     | Found a gateway to the Iron City of Dis.
 58247 | Hell     | Found a gateway to the ashen valley of Gehenna.
 58480 | Depths:3 | Voluntarily entered the Abyss.
 58506 | Abyss:1  | Noticed a dread lich
 58771 | Abyss:1  | Reached skill level 1 in Ice Magic
 59158 | Abyss:2  | Reached skill level 5 in Ice Magic
 59197 | Abyss:2  | Noticed a dread lich
 59204 | Abyss:2  | Killed a dread lich
 59239 | Abyss:2  | Gained mutation: You are frail. (-10% HP) [a neqoxec]
 59242 | Abyss:2  | Lost mutation: Your body sometimes deteriorates upon taking
                  | damage. [potion of mutation]
 59242 | Abyss:2  | Lost mutation: A frigid envelope surrounds you and freezes
                  | all who hurt you. [potion of mutation]
 59242 | Abyss:2  | Gained mutation: You have a somewhat thin skeletal
                  | structure. (Dex +2, Stealth+) [potion of mutation]
 59297 | Abyss:3  | Found a corrupted altar of Lugonu.
 59325 | Abyss:3  | Found a corrupted altar of Lugonu.
 59355 | Abyss:3  | Found a corrupted altar of Lugonu.
 59412 | Abyss:3  | Found a corrupted altar of Lugonu.
 59548 | Abyss:3  | Found a broken altar of Ashenzari.
 59769 | Abyss:3  | Was forgiven by Okawaru
 59999 | Abyss:3  | Reached skill level 10 in Ice Magic
 60134 | Abyss:3  | Paralysed by accursed screaming for 1 turns
 60628 | Abyss:3  | Got an abyssal rune of Zot
 60940 | Depths:3 | Escaped the Abyss
 61303 | Slime:1  | Entered Level 1 of the Pits of Slime
 61456 | Slime:5  | Entered Level 5 of the Pits of Slime
 61490 | Slime:5  | Gained mutation: You are very frail. (-20% HP) [a shining
                  | eye]
 61622 | Slime:5  | Noticed the Royal Jelly
 61764 | Slime:5  | Killed the Royal Jelly
 61904 | Slime:5  | Identified the +3 ring mail of the Many Wars {rPois rC-
                  | Int+3}
 61995 | Slime:5  | Got a slimy rune of Zot
 62631 | Zot:5    | Noticed an orb of fire
 62701 | Zot:5    | Noticed an ancient lich
 62711 | Zot:5    | Noticed an orb of fire
 62742 | Zot:5    | Noticed an ancient lich
 62764 | Zot:5    | Gained mutation: You are occasionally teleported next to
                  | monsters. [an orb of fire]
 62771 | Zot:5    | Gained mutation: Your spells are a little easier to cast,
                  | but a little less powerful. [an orb of fire]
 62775 | Zot:5    | Gained mutation: You are clumsy. (Dex -2) [an orb of fire]
 62782 | Zot:5    | Gained mutation: You have a pair of large horns on your
                  | head. [an orb of fire]
 62784 | Zot:5    | Killed an orb of fire
 62787 | Zot:5    | Lost mutation: You are clumsy. (Dex -2) [potion of
                  | mutation]
 62787 | Zot:5    | Lost mutation: You are occasionally teleported next to
                  | monsters. [potion of mutation]
 62787 | Zot:5    | Lost mutation: Your spells are a little easier to cast, but
                  | a little less powerful. [potion of mutation]
 62787 | Zot:5    | Gained mutation: You have sharp toenails. [potion of
                  | mutation]
 62787 | Zot:5    | Gained mutation: You are partially covered in iridescent
                  | scales. (AC +2) [potion of mutation]
 62787 | Zot:5    | Gained mutation: Your flesh is heat resistant. (rF+)
                  | [potion of mutation]
 62816 | Zot:5    | Killed an ancient lich
 62924 | Zot:5    | Noticed an orb of fire
 63095 | Zot:5    | Gained mutation: You are clumsy. (Dex -2) [an orb of fire]
 63102 | Zot:5    | Gained mutation: You tend to lose your temper in combat.
                  | [mutagenic glow]
 63111 | Zot:5    | Gained mutation: You do not regenerate when monsters are
                  | visible. [an orb of fire]
 63115 | Zot:5    | Killed an orb of fire
 63121 | Zot:5    | Lost mutation: You tend to lose your temper in combat.
                  | [potion of mutation]
 63121 | Zot:5    | Lost mutation: You have a pair of large horns on your head.
                  | [potion of mutation]
 63121 | Zot:5    | Gained mutation: You are partially covered in large bone
                  | plates. (SH +4) [potion of mutation]
 63121 | Zot:5    | Gained mutation: You are mostly covered in large bone
                  | plates. (SH +6) [potion of mutation]
 63122 | Zot:5    | Lost mutation: You are clumsy. (Dex -2) [potion of
                  | mutation]
 63122 | Zot:5    | Lost mutation: You have sharp toenails. [potion of
                  | mutation]
 63122 | Zot:5    | Lost mutation: You are very frail. (-20% HP) [potion of
                  | mutation]
 63122 | Zot:5    | Lost mutation: You do not regenerate when monsters are
                  | visible. [potion of mutation]
 63139 | Zot:5    | Noticed an ancient lich
 63144 | Zot:5    | Gained mutation: Your spells are a little easier to cast,
                  | but a little less powerful. [mutagenic glow]
 63155 | Zot:5    | Killed an ancient lich
 63180 | Zot:5    | Gained mutation: You have hidden genetic defects. [an orb
                  | of fire]
 63181 | Zot:5    | Gained mutation: You are clumsy. (Dex -2) [an orb of fire]
 63182 | Zot:5    | Killed an orb of fire
 63185 | Zot:5    | Noticed an ancient lich
 63191 | Zot:5    | Killed an ancient lich
 63204 | Zot:5    | Killed an ancient lich
 63206 | Zot:5    | Noticed an orb of fire
 63225 | Zot:5    | Gained mutation: You are very clumsy. (Dex -4) [an orb of
                  | fire]
 63226 | Zot:5    | Gained mutation: You occasionally shout uncontrollably at
                  | your foes. [an orb of fire]
 63233 | Zot:5    | Killed an orb of fire
 63246 | Zot:5    | HP: 9/245 [storm dragon/bolt of lightning (37)]
 63250 | Zot:5    | Killed from afar by a purple draconian

Illustrated notes

Levels and vault maps discovered:
D:1:      giann_forest_graveyard, layout_loops_ring, serial_shops, shop,
          shapermc_ecumenical_altar_pompeii
D:2:      layout_basic, uniq_sigmund
D:3:      layout_rooms, amethyst_overflow_temple_binary,
          lemuel_coloured_pillars_altar, uniq_crazy_yiuf_cottage, uniq_terence
D:4:      layout_cave_pools, serial_park, serial_park_tiny_2,
          serial_park_avenue1, serial_park_square2, serial_park_tiny_pond,
          ebering_ghost_rock_garden
D:5:      layout_loops_ring, mainiacjoe_overflow_chevrons,
          kennysheep_small_spiral
D:6:      layout_basic, nicolae_qazlal_general_emergency,
          minmay_temple_entry_poolview, uniq_blork_the_orc
D:7:      layout_rooms, vehumet_statue, nicolae_underground_beach, uniq_duvessa
D:8:      layout_rooms, serial_shops, kennysheep_little_box
D:9:      layout_small_grid, grunt_lair_entry_orc_guard_hut, st_stairs_9,
          kennysheep_generic_room_3
D:10:     layout_basic, orc_0_dummy, dk_noncrumbling_3,
          chequers_serial_rivers_small_b
D:11:     layout_irregular_city, uniq_nergalle, uniq_maurice, uniq_fannar
D:12:     layout_basic, nicolae_ru_the_path_less_chosen
D:13:     layout_cave_pods, hangedman_vaults_entry_quadrant_bands, uniq_jorgrun
D:14:     layout_layer_cave, bh_walls_and_bars, uniq_josephine
D:15:     grunt_enter_depths_magical_seal, layout_long_grid,
          nicolae_uskayaw_suspiria
Temple:   nicolae_temple_elliptical
Lair:1:   layout_cave_pods, serial_bayou_pond_a
Lair:2:   layout_cave_shapes, gauntlet_entry_generic, beast_lair_carwin_10
Lair:3:   layout_regular_city, spider_nest_entry_funnel_web, minmay_hedge_maze,
          cheibrodos_lair_caveside_slide, fungi_pond_lemuel
Lair:4:   layout_roguey, swamp_mist, serial_bayou_shore_b
Lair:5:   minmay_lair_oklob_chamber, layout_loops_ring,
          minmay_slime_entry_pillars, uniq_kirke, uniq_nessos
Lair:6:   evilmike_catoblepas_cave, layout_cave_pods, grunt_megastairs_4
Swamp:1:  layout_basic_swamp, evilmike_swamp_ruin_house_1, swamp_pool1,
          infiniplex_staircase_pool, uniq_louise
Swamp:2:  layout_basic_swamp, portal_ice_cave_entry_pillars_1,
          serial_swamp_ruin, evilmike_swamp_ruin_house_3,
          evilmike_swamp_ruin_house_2, swamp_pool1,
          nicolae_swamp_stuck_in_the_mud, infiniplex_staircase_pool_2
Swamp:3:  layout_falls_marsh, evilmike_swamp_ruin_house_5
Swamp:4:  swamp_vile, layout_basic_swamp, worms_lemuel, uniq_bai_suzhen
Spider:1: layout_spider_delve
Spider:2: layout_chambers
Spider:3: cheibrodos_forgotten_conduit, nicolae_spider_cling_halls
Spider:4: grunt_spider_rune_circles
Slime:1:  layout_caves
Slime:2:  layout_caves, cheibrodos_slime_lost_civilization_7
Slime:3:  nicolae_slime_pool, layout_caves, nicolae_slime_barrier
Slime:4:  layout_caves
Slime:5
Orc:1:    layout_caves
Orc:2:    st_orc_ogre_mass, layout_caves, serial_shops, nicolae_shop_crystal,
          mines2_david, uniq_donald
Elf:1:    nicolae_elf_arrival_no_cutting_in_line, layout_loops_ring,
          basic_altar, hangedman_elf_represent
Elf:2:    elven_hall_of_blades_hangedman_original
          [nicolae_blade_entry_crossed_weapons], layout_loops_ring
Elf:3:    elf_hall, layout_geoelf_diagonals, serial_shops, shop,
          amcnicky_mini_corridor_feature,
          nicolae_elf_glass_and_crystal_pillar_1, drop_trap,
          nicolae_shop_gadgets
Vaults:1: vaults_room_grunt_arrival_checkpoint, st_lattice,
          grunt_vaults_bifocal, hangedman_vaults_snaps, vaults_mumra_minichess,
          v_misc_1, v_alt_pattern_2, vaults_room_door_ring,
          hangedman_vaults_capsules, v_misc_23, nicolae_vaults_gold_heap,
          ontoclasm_vaults_gateway, layout_vaults_omnibox
Vaults:2: grunt_vaults_trifunnel, v_misc_9, vaults_dpeg_doors,
          hangedman_vaults_cutoff, vaults_mumra_chevron,
          nicolae_vaults_triangles, v_misc_26, layout_vaults_omnigrid,
          serial_shops, nicolae_square_shop
Vaults:3: v_misc_5, v_misc_10, v_alt_pattern_4, vaults_standard_mumra_x,
          nicolae_vaults_little_squares_2, vaults_room_ringed_pool,
          minmay_crypt_entry_simple_sparse, nicolae_vaults_theta, v_misc_8,
          hangedman_vaults_cutoff, v_misc_13, vaults_dpeg_encased_lava,
          st_cells, layout_vaults_omnicross, uniq_margery
Vaults:4: v_misc_10, v_pattern_2, grunt_vaults_twisty, nicolae_vaults_alarming,
          v_misc_28, nicolae_vaults_bisected_slash, vaults_room_boxed,
          vaults_room_large_hall, grunt_vaults_hallway_short, vaults_dpeg_ring,
          layout_vaults_chaotic_city, uniq_mennas
Vaults:5
Crypt:1:  layout_misc_corridors, nrook_guardian_serpent_ordinary
Crypt:2:  statuecave_lemuel, layout_misc_corridors
Crypt:3:  church_of_pain_bobbens, layout_chaotic_city,
          nicolae_tomb_entry_rubble_hallway, nicolae_crypt_small_crypt,
          uniq_jory, uniq_frederick
Depths:1: minmay_the_grid_4x2 [minmay_the_grid_embedded, minmay_the_grid_spikes,
          minmay_the_grid_small_cups, minmay_the_grid_pillar_ring,
          minmay_the_grid_fan, minmay_the_grid_doors, minmay_the_grid_garden,
          minmay_the_grid_prize_trominoes], layout_gridlike, lightli_too_deep,
          pan_entry, minmay_misc_feat_room, grunt_ministairs_8, minivault_14,
          chequers_serial_rivers_large_a, minivault_16, minmay_fountain_box,
          abandoned_shop, minmay_crystal_box, serial_bayou_shore_b
Depths:2: kennysheep_snake, layout_cave_pools, ziggurat_fallback,
          rand_demon_pan_entry_1, grunt_hell_entry_dis_old,
          minmay_misc_feat_hallway, kennysheep_another_room,
          grunt_ministairs_11, kennysheep_okawaru_gauntlet, uniq_nikola
Depths:3: grunt_twisty_corner, layout_cave_pools, hell_entry,
          minmay_room_of_horrors, serial_shops, nicolae_lakefront_shop,
          enter_trove_2
Depths:4: grunt_x_marks_the_spot, layout_basic, pan_entry,
          hangedman_abyss_entry_splay, serial_glass, glass_columns_c,
          glass_columns_c, glass_columns_a, glass_columns_a, hell_entry,
          serial_bayou_shore_a
Hell
Zot:1:    layout_misc_corridors
Zot:2:    lemuel_draconian_sentries, layout_basic
Zot:3:    layout_gridlike, amethyst_zot_foddershock
Zot:4:    layout_misc_corridors, st_stairs_7
Zot:5:    layout_basic

Skill      XL: |  1  2  3  4  5  6  7  8  9 10 11 12 13 14 15 16 17 18 19 20 21 22 23 24 25 26 27 |
---------------+----------------------------------------------------------------------------------+-----
Dodging        | 1 3 4 9 10 15 16 17 18 19 20 22 24 25 | 25.3
Armour         | 4 5 6 9 10 14 16 17 18 22 23 24 25 27 | 27.0
Shields        | 4 6 10 13 15 16 17 19 21 25 | 25.0
Fighting       | 4 5 6 7 8 9 10 12 15 16 18 20 21 23 24 26 27 | 27.0
Maces & Flails | 4 5 6 7 10 12 14 16 17 18 | 18.0
Invocations    | 3 5 6 9 11 12 15 17 | 17.0
Stealth        | 3 7 12 13 14 | 14.0
Evocations     | 3 |  3.0
Spellcasting   | 2 6 7 13 14 | 14.0
Translocations | 5 6 |  6.0
Ice Magic      | 12 | 12.0

Action                   |  1- 3 |  4- 6 |  7- 9 | 10-12 | 13-15 | 16-18 | 19-21 | 22-24 | 25-27 || total
-------------------------+-------+-------+-------+-------+-------+-------+-------+-------+-------++-------
Melee: Flail             |    55 |   124 |   229 |       |    31 |  1527 |  1836 |   262 |       ||  4064
       Headbutt          |     2 |    18 |    67 |   128 |   350 |   559 |   801 |   766 |  1342 ||  4033
       Morningstar       |       |       |    13 |   406 |   831 |       |       |  1558 |  3124 ||  5932
       Sacred scourge    |       |       |       |       |       |       |       |       |    39 ||    39
Throw: Javelin           |       |       |       |       |       |     1 |     1 |       |       ||     2
Invok: Heroism           |       |       |     2 |     3 |     3 |     3 |     7 |     5 |       ||    23
       Finesse           |       |       |       |       |       |       |     2 |     3 |       ||     5
       Duel              |       |       |       |       |       |       |       |     2 |       ||     2
       Cleansing Flame   |       |       |       |       |       |       |       |       |     6 ||     6
       Summon Divine War |       |       |       |       |       |       |       |       |     3 ||     3
       Brand Weapon With |       |       |       |       |       |       |       |       |     1 ||     1
       Divine Shield     |       |       |       |       |       |       |       |       |     1 ||     1
Evoke: Wand              |       |       |       |     2 |       |       |       |     6 |       ||     8
  Use: Potion            |     1 |       |       |       |       |     6 |     1 |     7 |    13 ||    28
       Scroll            |       |     1 |    17 |     7 |     3 |     5 |     5 |    10 |    13 ||    61
 Stab: Paralysed         |       |       |       |     2 |       |       |       |       |       ||     2
       Sleeping          |       |       |       |     7 |    33 |    65 |    49 |    49 |     7 ||   210
       Distracted        |       |       |       |     1 |       |    15 |    10 |    10 |     7 ||    43
       Petrifying        |       |       |       |       |       |       |     2 |       |       ||     2
       Confused          |       |       |       |       |       |       |       |     2 |       ||     2
Armor: Scale mail        |    28 |    26 |       |       |       |       |       |       |       ||    54
       Chain mail        |       |    16 |    21 |       |       |       |       |       |       ||    37
       Plate armour      |       |       |   112 |   169 |       |       |       |       |       ||   281
       Shadow dragon sca |       |       |       |    40 |   323 |   563 |   429 |   364 |   415 ||  2134
Dodge: Dodged            |    28 |    52 |    91 |   274 |   522 |   978 |   946 |  1087 |  1770 ||  5748
Block: Buckler           |    13 |    22 |    66 |   126 |   162 |       |       |       |       ||   389
       Kite shield       |       |       |       |       |   233 |  1359 |  1327 |   909 |       ||  3828
       Tower shield      |       |       |       |       |       |       |       |   933 |  4390 ||  5323
       Reflection        |       |       |       |       |       |       |       |    37 |   109 ||   146

Table legend: (Time is in decaauts)
 A = Elapsed time spent in this place.
 B = Non-inter-level travel time spent in this place.
 C = Inter-level travel time spent in this place.
 D = Time resting spent in this place.
 E = Time spent auto-exploring this place.
 F = Levels seen in this place.
 G = Mean time per level.
                   A        B        C        D        E       F      G
               +--------+--------+--------+--------+--------+-----+--------+
         Total |  61060 |  54644 |   6416 |   5393 |  30653 |  66 |  925.2 |
       Dungeon |  15701 |  13355 |   2346 |   1890 |   9290 |  15 | 1046.7 |
        Temple |     53 |     31 |     22 |      0 |     21 |   1 |   53.0 |
          Lair |   5591 |   4815 |    776 |    230 |   3559 |   6 |  931.8 |
         Swamp |   3141 |   2996 |    145 |    171 |   1960 |   4 |  785.2 |
   Spider Nest |   3266 |   3136 |    130 |    171 |   1975 |   4 |  816.5 |
    Slime Pits |    688 |    688 |      0 |    192 |      0 |   5 |  137.6 |
  Orcish Mines |   1198 |   1030 |    168 |      0 |    576 |   2 |  599.0 |
   Elven Halls |   3366 |   3046 |    320 |    448 |   1376 |   3 | 1122.0 |
        Vaults |   7912 |   6947 |    965 |    377 |   4111 |   5 | 1582.4 |
         Crypt |   3519 |   3241 |    278 |    203 |   1871 |   3 | 1173.0 |
        Depths |   6530 |   5612 |    918 |    581 |   3102 |   4 | 1632.5 |
          Hell |    610 |    593 |     17 |      0 |    321 |   1 |  610.0 |
           Zot |   5816 |   5492 |    324 |    841 |   1866 |   5 | 1163.2 |
         Abyss |   2571 |   2571 |      0 |     38 |    167 |   4 |  642.8 |
      Ice Cave |    315 |    315 |      0 |      0 |    191 |   1 |  315.0 |
      Gauntlet |    737 |    737 |      0 |    237 |    264 |   1 |  737.0 |
         Arena |     39 |     39 |      0 |     14 |      0 |   2 |   19.5 |
               +--------+--------+--------+--------+--------+-----+--------+

Top non-repeatable levels by time:
Depths:2: 2164 daAuts
Vaults:1: 1768 daAuts
Vaults:2: 1658 daAuts
Depths:1: 1650 daAuts
Vaults:3: 1632 daAuts
 Crypt:3: 1632 daAuts
Vaults:4: 1518 daAuts
 Abyss:3: 1478 daAuts
   Zot:2: 1434 daAuts
    D:14: 1403 daAuts
Depths:4: 1402 daAuts
   Zot:5: 1378 daAuts
Spider:2: 1350 daAuts
Vaults:5: 1334 daAuts
Depths:3: 1313 daAuts
